 Dungeon Crawl Stone Soup version 0.18.1-48-g4cf74bf (webtiles) character file.

172 PossumBlood the Skirmisher (level 5, 0/46 HPs)
             Began as a Formicid Fighter on Aug 22, 2016.
             Slain by a gnoll (3 damage)
             ... on level 4 of the Dungeon.
             The game lasted 00:05:15 (2161 turns).

PossumBlood the Skirmisher (Formicid Fighter)       Turns: 2161, Time: 00:05:16

Health: 0/46       AC:  7    Str: 22    XL:     5   Next: 82%
Magic:  5/5        EV:  8    Int: 11    God:
Gold:   167        SH:  9    Dex: 10    Spells: 0 memorised, 4 levels left

rFire  . . .     SeeInvis +     a - +0 war axe
rCold  . . .     Gourm    .     b - +0 scale mail
rNeg   + . .     Faith    .     c - +0 shield
rPois  .         Spirit   .     (helmet unavailable)
rElec  .         Dismiss  .     (no cloak)
rCorr  .         Reflect  .     (no gloves)
SustAt .         Harm     .     (no boots)
MR     .....                    m - amulet of regeneration
Stlth  ..........               f - +4 ring of intelligence
                                k - ring of positive energy

@: not resistant to hostile enchantments, extremely unstealthy
A: permanent stasis, dig shafts and tunnels, four strong arms, antennae 3
a: Dig, Shaft Self


You were on level 4 of the Dungeon.
You were not hungry.

You visited 1 branch of the dungeon, and saw 4 of its levels.

You collected 167 gold pieces.

Inventory:

Hand Weapons
 a - a +0 war axe (weapon)
Missiles
 g - 2 javelins (quivered)
 i - 3 tomahawks
Armour
 b - a +0 scale mail (worn)
 c - a +0 shield (worn)
Jewellery
 f - a +4 ring of intelligence (right hand)
 k - a ring of positive energy (left hand)
 m - an amulet of regeneration (around neck)
Scrolls
 e - 3 scrolls of recharging
 h - a scroll of identify
 n - 2 scrolls of remove curse
Potions
 d - a potion of might
 l - a potion of cancellation
 p - 2 potions of mutation {unknown}
 v - a potion of heal wounds {unknown}
Books
 t - Kikubaaqudgha's Tome of Dark Magic
   (You found it on level 2 of the Dungeon)

   Spells                             Type                      Level
   a - Animate Skeleton               Necromancy                   1
Miscellaneous
 s - a plain deck of summoning
Comestibles
 j - 3 fruits
 q - a royal jelly
 r - 2 meat rations


   Skills:
 * Level 5.6 Fighting
 - Level 2.0 Axes
 + Level 4.7 Armour
 - Level 3.6 Shields


You had 4 spell levels left.
You didn't know any spells.

Dungeon Overview and Level Annotations

Branches:
Dungeon (4/15)             Temple (0/1) D:4

Altars:
Kikubaaqudgha
Nemelex Xobeh
Sif Muna
Vehumet


Innate Abilities, Weirdness & Mutations

You are under a permanent stasis effect.
You can dig through walls and to a lower floor.
Your four strong arms can wield two-handed weapons with a shield.
You have a pair of large antennae on your head (SInv).


Message History

The orc is severely wounded.
You hit the gnoll.
The gnoll is moderately wounded.
You block the gnoll's attack.
The gnoll hits you from afar with a spear.
You block the gnoll's attack. You block the orc's attack.
The gnoll hits you but does no damage.
You hit the orc.
You kill the orc!
You hit the gnoll but do no damage.
The gnoll is moderately wounded.
The phantom blinks!
The gnoll hits you from afar with a spear.
* * * LOW HITPOINT WARNING * * *
The gnoll barely misses you.
The gnoll hits you from afar with a spear.
* * * LOW HITPOINT WARNING * * *
The gnoll hits you but does no damage. You block the gnoll's attack.
The gnoll hits you.
You die...

.. #. # #%
######
.##.##....####
?............
#?.#......#.
#..#@)......
#.ggg)......
#=g#))...)..
....?.........
...#...#.....###
... #.⌠.#...###
.. #...###.. . {
..... ..# ⌠..>..
..#


You could see 4 gnolls.

Vanquished Creatures
  An orc wizard (D:4)
  Jessica (D:3)
  An adder (D:2)
  2 oozes
  3 worms
  3 dart slugs
  3 giant geckos
  4 orcs (D:4)
  7 giant cockroaches
  8 goblins
  6 hobgoblins
  6 jackals
  4 quokkas
  4 bats
  4 giant newts
  9 kobolds
  9 rats
75 creatures vanquished.

Notes
Turn   | Place    | Note
--------------------------------------------------------------
     0 | D:1      | PossumBlood the Formicid Fighter began the quest for the Orb.
     0 | D:1      | Reached XP level 1. HP: 18/18 MP: 1/1
   288 | D:1      | Reached XP level 2. HP: 17/25 MP: 2/2
   620 | D:1      | Reached skill level 4 in Fighting
   625 | D:1      | Reached XP level 3. HP: 25/30 MP: 3/3
   933 | D:2      | Found a sparkling altar of Nemelex Xobeh.
  1064 | D:2      | Reached XP level 4. HP: 38/38 MP: 4/4
  1432 | D:2      | Found an ancient bone altar of Kikubaaqudgha.
  1434 | D:2      | Found a deep blue altar of Sif Muna.
  1436 | D:2      | Found a radiant altar of Vehumet.
  1439 | D:2      | Identified Kikubaaqudgha's Tome of Dark Magic
  1536 | D:3      | Reached skill level 5 in Fighting
  1825 | D:3      | Reached XP level 5. HP: 39/44 MP: 5/5
  2011 | D:3      | Noticed Jessica
  2018 | D:3      | Killed Jessica
  2147 | D:4      | Found a staircase to the Ecumenical Temple.
  2157 | D:4      | Noticed a phantom
  2160 | D:4      | HP: 2/46 [gnoll/spear (6)]
  2161 | D:4      | Slain by a gnoll

Skill      XL: |  1  2  3  4 |
---------------+-------------+-----
Fighting       | 4 5 |  5.6
Armour         | 4 |  4.7
Axes           | |  2.0
Shields        | |  3.6

Action                   |  1- 3 |  4- 6 || total
-------------------------+-------+-------++-------
Melee: War axe           |   107 |   142 ||   249
  Use: Scroll            |       |     7 ||     7
  Eat: Bread ration      |     1 |       ||     1
Armor: Scale mail        |    60 |    64 ||   124
Dodge: Dodged            |    40 |    51 ||    91
Block: Shield            |    62 |    99 ||   161
